 Dungeon Crawl Stone Soup version 0.27-a0-705-ga0013940fb (webtiles) character file.

Game seed: 8622901462135487144

862 HoaS the Grappler (level 7, -2/53 HPs)
             Began as a Demigod Gladiator on Mar 22, 2021.
             Slain by Prince Ribbit (13 damage)
             ... on level 5 of the Dungeon.
             The game lasted 00:08:29 (5133 turns).

HoaS the Grappler (Demigod Gladiator)               Turns: 5133, Time: 00:08:30

Health: -2/53      AC: 14    Str: 29    XL:     7   Next: 43%
Magic:  9/9        EV:  8    Int: 10    God:
Gold:   226        SH:  0    Dex: 19    Spells: 6/6 levels left

rFire    + . .     SeeInvis .     - Unarmed
rCold    . . .     Faith    .   (no shield)
rNeg     + . .     Spirit   .   e - +0 plate armour
rPois    .         Reflect  .   b - +1 helmet
rElec    .         Harm     .   (no cloak)
rCorr    .         Rampage  .   n - +1 pair of gloves
Will     .....                  (no boots)
Stlth    ..........             a - amulet of the acrobat
HPRegen  0.17/turn              i - +6 ring of strength
MPRegen  0.11/turn              m - ring of Eternal Harmony {rF+ rN+ Dex+4}

@: hasted, very quick
A: high mp 1, forlorn
a: no special abilities


You were on level 5 of the Dungeon.
You visited 1 branch of the dungeon, and saw 6 of its levels.

You collected 226 gold pieces.

Inventory:

Missiles
 c - 2 throwing nets (quivered)
 q - 4 boomerangs
 s - 12 poisoned darts
Armour
 b - a +1 helmet (worn)
 e - a +0 plate armour (worn)
 n - a +1 pair of gloves (worn)
Jewellery
 a - an amulet of the acrobat (around neck)
 i - a +6 ring of strength (right hand)
 m - the ring of Eternal Harmony (left hand) {rF+ rN+ Dex+4}
   (You acquired it on level 4 of the Dungeon)

   [ring of protection from fire]

   It affects your dexterity (+4).
   It protects you from fire.
   It protects you from negative energy.
Wands
 l - a wand of digging (7)
 p - a wand of polymorph (8)
Scrolls
 t - a scroll of identify
Potions
 d - a potion of flight
 f - 3 potions of lignification
 g - a potion of cancellation {unknown}
 h - a potion of haste
 j - a potion of heal wounds {unknown}
 k - a potion of might {unknown}
 o - a potion of magic {unknown}
 r - a potion of curing {unknown}


   Skills:
 - Level 1.7 Fighting
 - Level 1.7 Throwing
 - Level 2.6 Dodging
 + Level 8.5 Unarmed Combat


You had 6 spell levels left.
You didn't know any spells.
Your spell library was empty.

Dungeon Overview and Level Annotations

Branches:
Dungeon (6/15)
 Temple: D:4-7

Annotations:
D:5 Prince Ribbit


Innate Abilities, Weirdness & Mutations

Your attributes grow dramatically as you level up.
You have an increased reservoir of magic. (+10% MP)
You shall have no god before yourself.


Message History

There is a stone staircase leading down here.
You climb downwards.
Prince Ribbit and a skeleton come into view.
Prince Ribbit gives a loud, deep croak!
There is a stone staircase leading up here.
You miss Prince Ribbit. Prince Ribbit hits you! Prince Ribbit hits you.
You climb upwards.
There is a stone staircase leading down here.
Prince Ribbit blinks!
Prince Ribbit hops awkwardly around.
Prince Ribbit blinks!
There is a stone staircase leading down here.
You punch Prince Ribbit!
Prince Ribbit is heavily wounded.
Prince Ribbit hits you!
You miss Prince Ribbit.
Prince Ribbit is heavily wounded.
Prince Ribbit hits you but does no damage.
You feel yourself speed up. Prince Ribbit hits you!
* * * LOW HITPOINT WARNING * * *
You closely miss Prince Ribbit.
Prince Ribbit is heavily wounded.
Prince Ribbit catches a blue-tailed skink with his tongue.
Prince Ribbit hits you but does no damage.
You punch Prince Ribbit!
Prince Ribbit is severely wounded.
Prince Ribbit hits you but does no damage.
Your plate armour prevents you from hitting Prince Ribbit.
Prince Ribbit is severely wounded.
Prince Ribbit hits you but does no damage.
You barely miss Prince Ribbit.
Prince Ribbit is severely wounded.
Your plate armour prevents you from hitting Prince Ribbit.
Prince Ribbit is severely wounded.
Prince Ribbit hits you but does no damage.
You hit Prince Ribbit.
Prince Ribbit is almost dead.
Prince Ribbit hits you!
You die...

###)######..#...#.######....##
#...##..#.......#...#.###...#
...........................##
....)...........#....#.....#
...........######.####.....#
...........##.###..........#
.......................#..##
.........(...........[##...##
............<...@....##.....#
.................F.........###
...........#.....(...........#
....<.....##...............###
..........#................#
...####..................###
..## ##.................###
.## #........#..##.##.#..# ##
##.##....####..#..#..###


You could see Prince Ribbit.

Vanquished Creatures
  An ogre (D:4)
  A phantom (D:5)
  Blork the orc (D:5)
  A bullfrog (D:4)
  A howler monkey (D:3)
  2 hounds (D:4)
  A bullfrog skeleton (D:4)
  3 orc wizards
  Ijyb (D:3)
  Terence (D:2)
  4 worker ants
  2 hound skeletons (D:4)
  A howler monkey skeleton (D:5)
  4 gnolls
  5 adders
  A shadow imp (D:5)
  An ufetubus (D:5)
  An adder skeleton (D:4)
  An adder zombie (D:5)
  2 worms (D:2)
  2 dart slugs
  8 orcs
  3 giant cockroaches
  4 hobgoblins
  18 jackals
  4 kobolds
  5 quokkas
  6 ball pythons
  2 bats (D:3)
  3 frilled lizards
  6 goblins
  3 rats
99 creatures vanquished.

Vanquished Creatures (others)
  15 plants (D:3)
15 creatures vanquished.

Grand Total: 114 creatures vanquished

Notes
Turn   | Place    | Note
-------+----------+-------------------------------------------
     0 | D:1      | HoaS the Demigod Gladiator began the quest for the Orb.
     0 | D:1      | Reached XP level 1. HP: 17/17 MP: 3/3
   338 | D:1      | Reached skill level 3 in Unarmed Combat
   672 | D:1      | Reached XP level 2. HP: 24/24 MP: 4/4
  1243 | D:2      | Reached XP level 3. HP: 20/29 MP: 5/5
  1369 | D:2      | Reached skill level 4 in Unarmed Combat
  2025 | D:2      | Noticed Terence
  2048 | D:2      | Killed Terence
  2049 | D:2      | Reached XP level 4. HP: 34/36 MP: 6/6
  2461 | D:3      | Reached skill level 5 in Unarmed Combat
  2701 | D:3      | Reached XP level 5. HP: 29/41 MP: 7/7
  3088 | D:3      | Reached skill level 6 in Unarmed Combat
  3348 | D:3      | Noticed Ijyb
  3376 | D:3      | Killed Ijyb
  3759 | D:4      | Reached XP level 6. HP: 48/48 MP: 8/8
  3881 | D:4      | Reached skill level 7 in Unarmed Combat
  4046 | D:4      | Identified a scroll of acquirement
  4046 | D:4      | Acquired the ring of Eternal Harmony {rF+ rN+ Dex+4}
  4547 | D:5      | Entered Level 5 of the Dungeon
  4594 | D:5      | Reached XP level 7. HP: 44/53 MP: 9/9
  4676 | D:5      | Reached skill level 8 in Unarmed Combat
  4856 | D:5      | Noticed Blork the orc
  4868 | D:5      | Killed Blork the orc
  5117 | D:6      | Noticed Prince Ribbit
  5133 | D:5      | Slain by Prince Ribbit

Illustrated notes

Levels and vault maps discovered:
D:1:      lemuel_arrival_rhombus, layout_basic
D:2:      layout_basic, kennysheep_generic_room_16, uniq_terence
D:3:      wad_lake_hut, layout_basic, grunt_decor_fettered, uniq_ijyb
D:4:      layout_basic, okawaru_metal_pillars_1_2
D:5:      layout_cave_pools, uniq_blork_the_orc
D:6:      layout_loops_cross, minmay_temple_entry_offerings,
          nrook_pool_corridor, lightli_corner_chamber, uniq_menkaure,
          uniq_prince_ribbit1

Skill      XL: |  1  2  3  4  5  6  7 |
---------------+----------------------+-----
Unarmed Combat | 3 4 5 6 7 8 |  8.5
Fighting       | |  1.7
Throwing       | |  1.7
Dodging        | |  2.6

Action                   |  1- 3 |  4- 6 |  7- 9 || total
-------------------------+-------+-------+-------++-------
Melee: Unarmed           |   140 |   223 |    81 ||   444
       Punch             |       |    18 |     4 ||    22
Throw: Throwing net      |       |       |     1 ||     1
  Use: Scroll            |     4 |     8 |     2 ||    14
       Potion            |       |       |     1 ||     1
Armor: Leather armour    |    23 |       |       ||    23
       Plate armour      |     3 |   112 |    58 ||   173
Dodge: Dodged            |    77 |    69 |    41 ||   187

Table legend: (Time is in decaauts)
 A = Elapsed time spent in this place.
 B = Non-inter-level travel time spent in this place.
 C = Inter-level travel time spent in this place.
 D = Time resting spent in this place.
 E = Time spent auto-exploring this place.
 F = Levels seen in this place.
 G = Mean time per level.
                   A        B        C        D        E       F      G
               +--------+--------+--------+--------+--------+-----+--------+
         Total |   5117 |   4980 |    137 |   1565 |   2538 |   6 |  852.8 |
       Dungeon |   5117 |   4980 |    137 |   1565 |   2538 |   6 |  852.8 |
               +--------+--------+--------+--------+--------+-----+--------+

Top non-repeatable levels by time:
     D:2: 1605 daAuts
     D:3: 1313 daAuts
     D:1: 834 daAuts
     D:4: 793 daAuts
     D:5: 567 daAuts
     D:6: 2 daAuts
